 Dungeon Crawl Stone Soup version 0.29.1-15-g9cfb28693d (webtiles) character file.

Game seed: 16123580768701398076

209961 Gabide the Crack Shot (level 18, -5/120 HPs)
             Began as a Deep Elf Hunter on Mar 26, 2023.
             Was a Plaything of Xom.
             Killed from afar by a salamander tyrant (41 damage)
             ... on level 4 of the Snake Pit on Mar 27, 2023.
             The game lasted 01:22:30 (28986 turns).

Gabide the Crack Shot (Deep Elf Hunter)            Turns: 28986, Time: 01:22:31

Health: -5/120     AC: 16    Str:  6    XL:     18   Next: 17%
Magic:  0/20       EV: 46    Int: 18    God:    Xom [.*....]
Gold:   255        SH:  0    Dex: 40    Spells: 17/17 levels left

rFire   . . .      SeeInvis +   a - +9 arbalest (freeze)
rCold   . . .      Faith    .   (shield currently unavailable)
rNeg    . . .      Spirit   +   y - +4 steam dragon scales
rPois   +          Reflect  .   O - +0 mask of the Dragon {Will+ Slay+3 SInv}
rElec   .          Harm     .   w - +2 cloak
rCorr   .          Rampage  .   Y - +0 pair of gloves {Str+3}
Will    +++..                   r - +2 pair of boots
Stlth   +++.......              g - amulet of guardian spirit
HPRegen 0.30/turn               E - +6 ring of dexterity
MPRegen 0.17/turn               I - ring "Leneces" {rPois Will+ Int+2 Dex+6 Slay+3}

@: weakened, studying Long Blades, invisible, unable to read
A: talons 1, agile 1, weak 2, inability to read after injury 1
}: 1/15 runes: barnacled
a: Renounce Religion


You were on level 4 of the Snake Pit.
You worshipped Xom.
You were a plaything of Xom.
You visited 6 branches of the dungeon, and saw 31 of its levels.
You also visited: Gauntlet and Volcano.

You collected 3303 gold pieces.
You spent 3048 gold pieces at shops.

Inventory:

Hand Weapons
 a - a +9 arbalest of freezing (weapon)
Missiles
 k - 9 throwing nets
Armour
 i - a +2 pair of gloves
 r - a +2 pair of boots (worn)
 w - a +2 cloak (worn)
 y - +4 steam dragon scales (worn)
 O - the +0 mask of the Dragon (worn) {Will+ Slay+3 SInv}
   (You found it on level 10 of the Dungeon)

   Slay:      It affects your accuracy & damage with ranged weapons and melee
   (+3).
   SInv:      It lets you see invisible.
   Will:      It increases your willpower.
 Y - a +0 pair of gloves of strength (worn)
Jewellery
 g - an amulet of guardian spirit (around neck)
 m - a ring of protection from cold
 o - a +4 ring of protection
 z - a ring of fire
 A - a ring of flight
 E - a +6 ring of dexterity (left hand)
 F - a ring of positive energy
 I - the ring "Leneces" (right hand) {rPois Will+ Int+2 Dex+6 Slay+3}
   (You bought it in a shop on level 2 of the Orcish Mines)

   [ring of dexterity]

   Int:       It affects your intelligence (+2).
   Dex:       It affects your dexterity (+6).
   Slay:      It affects your accuracy & damage with ranged weapons and melee
   (+3).
   rPois:     It protects you from poison.
   Will:      It increases your willpower.
 N - the ring of the Secret Scars {rC+ Will- Str+7 Dex+3}
   (You bought it in a shop on level 2 of the Orcish Mines)

   [ring of protection from cold]

   Str:       It affects your strength (+7).
   Dex:       It affects your dexterity (+3).
   rC:        It protects you from cold.
   Will:      It decreases your willpower.
 R - the ring "Acinewn" {rCorr Slay+3}
   (You took it off a merfolk impaler on level 4 of the Shoals)

   [ring of resist corrosion]

   Slay:      It affects your accuracy & damage with ranged weapons and melee
   (+3).
   rCorr:     It protects you from acid and corrosion.
 S - an amulet of faith
 W - a ring of willpower
Wands
 s - a wand of digging (8)
 B - a wand of roots (28)
 K - a wand of flame (27)
 L - a wand of charming (6)
Scrolls
 b - 5 scrolls of vulnerability
 d - 17 scrolls of teleportation
 e - 5 scrolls of poison
 h - 5 scrolls of magic mapping
 v - 6 scrolls of amnesia
 x - 5 scrolls of fear
 D - 2 scrolls of blinking
 J - 11 scrolls of identify
 M - 3 scrolls of immolation
 U - 7 scrolls of butterflies
 V - a scroll of brand weapon
 Z - a scroll of enchant weapon
Potions
 c - 9 potions of curing
 f - 4 potions of lignification
 j - 7 potions of heal wounds
 l - 5 potions of invisibility
 n - a potion of ambrosia
 p - 3 potions of haste
 q - 9 potions of brilliance
 t - 8 potions of magic
 u - 4 potions of flight
 G - a potion of cancellation
 H - 5 potions of mutation
 Q - 5 potions of might
Miscellaneous
 C - a tin of tremorstones (2/2)
 P - a condenser vane
 T - a phantom mirror
 X - a box of beasts


   Skills:
 + Level 16.0 Fighting
 + Level 26.4 Ranged Weapons
 + Level 21.9 Dodging
 - Level 1.2 Stealth


You had 17 spell levels left.
You didn't know any spells.
Your spell library contained the following spells:

 Spells                   Type           Power      Damage    Failure   Level
 Apportation              Tloc           0%         N/A       22%         1
 Foxfire                  Conj/Fire      0%         2x1d4     22%         1
 Freeze                   Ice            0%         1d3       22%         1
 Magic Dart               Conj           0%         1d3       22%         1
 Necrotise                Necr           0%         1d4       22%         1
 Sting                    Tmut/Pois      0%         1d3       22%         1
 Summon Small Mammal      Summ           0%         N/A       22%         1
 Blink                    Tloc           0%         N/A       32%         2
 Call Imp                 Summ           0%         N/A       32%         2
 Ensorcelled Hibernation  Hex/Ice        0%         N/A       32%         2
 Passwall                 Tmut/Erth      0%         N/A       32%         2
 Scorch                   Fire           0%         2d5       32%         2
 Searing Ray              Conj           0%         2d4       32%         2
 Static Discharge         Conj/Air       0%         3-3/arc   32%         2
 Call Canine Familiar     Summ           0%         N/A       54%         3
 Conjure Flame            Conj/Fire      0%         6-21      54%         3
 Dazzling Flash           Conj/Hex       0%         N/A       54%         3
 Frozen Ramparts          Ice            0%         1d1       54%         3
 Gell's Gravitas          Tloc           0%         N/A       54%         3
 Inner Flame              Hex/Fire       0%         N/A       54%         3
 Lesser Beckoning         Tloc           0%         N/A       54%         3
 Stone Arrow              Conj/Erth      0%         3d7       54%         3
 Summon Guardian Golem    Hex/Summ       0%         N/A       54%         3
 Swiftness                Air            0%         N/A       54%         3
 Teleport Other           Tloc           0%         N/A       54%         3
 Vampiric Draining        Necr           0%         2d6       54%         3
 Animate Armour           Summ/Erth      0%         N/A       91%         4
 Corpse Rot               Necr/Pois/Air  0%         N/A       91%         4
 Dispel Undead            Necr           0%         3d6       91%         4
 Flame Wave               Conj/Fire      0%         2d4       91%         4
 Fulminant Prism          Conj/Hex       0%         3d6       91%         4
 Hailstorm                Conj/Ice       0%         3d3       91%         4
 Iskenderun's Mystic Bla  Conj/Tloc      0%         2d3       91%         4
 Leda's Liquefaction      Hex/Erth       0%         N/A       91%         4
 Sticky Flame             Conj/Fire      0%         2d3       91%         4
 Summon Ice Beast         Ice/Summ       0%         N/A       91%         4
 Borgnjor's Vile Clutch   Necr/Erth      0%         N/A       99%         5
 Irradiate                Conj/Tmut      0%         3d11      99%         5
 Lee's Rapid Deconstruct  Erth           0%         3d5*      99%         5
 Lightning Bolt           Conj/Air       0%         1d11      99%         5
 Manifold Assault         Tloc           0%         N/A       99%         5
 Silence                  Hex/Air        0%         N/A       99%         5
 Summon Mana Viper        Hex/Summ       0%         N/A       99%         5
 Death Channel            Necr           0%         N/A       100%        6
 Dispersal                Tloc           0%         N/A       100%        6
 Starburst                Conj/Fire      0%         6d3       100%        6
 Statue Form              Tmut/Erth      0%         N/A       100%        6
 Summon Cactus Giant      Summ           0%         N/A       100%        6
 Monstrous Menagerie      Summ           0%         N/A       100%        7
 Spellforged Servitor     Conj/Summ      0%         N/A       100%        7
 Lehudib's Crystal Spear  Conj/Erth      0%         10d2      100%        8
 Shatter                  Erth           0%         3d5*      100%        9


Dungeon Overview and Level Annotations

Branches:
Dungeon (15/15)            Temple (1/1) D:7            Lair (5/5) D:9
 Shoals (4/4) Lair:2        Snake (4/4) Lair:2        Slime (0/5) Lair:5
    Orc (2/2) D:12            Elf (0/3) Orc:2        Vaults (0/5) D:14
 Depths (0/4) D:15        Volcano (visited)         Gauntlet (visited)

Altars:
Ashenzari
Cheibriados
Dithmenos
Elyvilon
Fedhas
Gozag
Hepliaklqana
Kikubaaqudgha
Makhleb
Nemelex Xobeh
Okawaru
Qazlal
Ru
Sif Muna
Trog
Uskayaw
Vehumet
Wu Jian
Xom
Yredelemnul
Zin
The Shining One

Shops:
D:6 !   D:7 ?   Orc:2 =?=[   Snake:2 *[   Snake:4 !

Annotations:
Snake:4 4 exclusions


Innate Abilities, Weirdness & Mutations

You have sharp toenails.
You are agile. (Dex +4, Str/Int -1)
You are very weak. (Str -4)
You occasionally lose the ability to read scrolls when taking damage.


Message History

You kill the nagaraja!
You hear an angry hiss.
A naga comes into view. It is wielding a +0 short sword.
The mana viper completely misses you.
Fire: a) +9 arbalest (freeze)
Press: ? - help, Q - select action, (/) - cycle Shift-Dir - straight line, f - mana viper
Aim: a mana viper (78% to hit)
You shoot a bolt. The bolt hits the mana viper!!
The bolt freezes the mana viper.
The mana viper is severely wounded.
The mana viper misses you.
Fire: a) +9 arbalest (freeze)
Press: ? - help, Q - select action, (/) - cycle Shift-Dir - straight line, f/p - mana viper
Aim: a mana viper (severely wounded, 78% to hit)
You shoot a bolt.
The bolt hits the mana viper but does no damage.
The mana viper is severely wounded.
The mana viper completely misses you.
A naga comes into view. It is wielding a +0 long sword.
Fire: a) +9 arbalest (freeze)
Press: ? - help, Q - select action, (/) - cycle Shift-Dir - straight line, f/p - mana viper
Aim: a mana viper (severely wounded, 78% to hit)
You shoot a bolt. The bolt hits the mana viper!!!
The mana viper seems to slow down.
The bolt freezes the mana viper.
You kill the mana viper!
Fire: a) +9 arbalest (freeze)
Press: ? - help, Q - select action, (/) - cycle Shift-Dir - straight line, f - salamander tyrant
Aim: a salamander tyrant (unable to see you, 87% to hit)
You shoot a bolt. The bolt hits the salamander tyrant!
The bolt freezes the salamander tyrant.
The salamander tyrant is moderately wounded. "Get over here!"
The naga blinks! x2
The salamander tyrant rends the earth beneath you!
Xom is highly amused!
The blast of magma engulfs the salamander tyrant!
The salamander tyrant partially resists.
The blast of magma engulfs you!!!
You die...

*,******#..##### *,*,,,,,.......#
************** **,,,,,,**#......
*,,,*,*,,,*,,****,,,,**** #......
**,,*,,****,,*,#**,*** #......
,,*,***,~~~##,#.,##* ##......
,,,*,,,*~~~#.*N##.,* ##.......
,,*,,,,,***#.#.#≈#### ##........
**,,,,,,*,,##.##@≈..# ##......##.
,*,,,,,,*,,#.N)N##)####......###.
,*,,,,,,,**#.§.#..#.#.....≈.## ##
*,*,,,,,#..N#..#.)#..#...≈..# #
,,,****#.§.,######)..#≈§≈...# #
*,*,,,..#.,,*,,#..#..#...≈.## #
,*,,,,..N***,,,#..#.#.....≈# ##
,*,,,,S.*,,*,,..##.##..+.#### ##.
**,,,,.,*,,**.##.≈.,#..#....###..


You could see a salamander tyrant (wandering, unable to see you) and 2 nagas.

Vanquished Creatures
  The ghost of Eitelfritz the Executioner, an adept HOFi of Uskayaw (Snake:3)
  A storm dragon (Shoals:4)
  2 nagarajas
  The ghost of mistmaker the Stormcaller, an adept TeAE of Vehumet (Snake:1)
  Aizul (Shoals:4)
  An ironbound preserver (D:14)
  A deep elf demonologist (D:12)
  A dire elephant (D:15)
  A minotaur (Gauntlet)
  A deep elf death mage (D:12)
  A green death (Gauntlet)
  Josephine (Orc:1)
  7 merfolk javelineers (Shoals:4)
  A fire dragon (Volcano)
  9 merfolk impalers
  A salamander tyrant (Snake:3)
  4 merfolk avatars
  5 hydras
  6 centaur warriors
  3 boulder beetles
  2 catoblepae
  10 naga warriors
  5 two-headed ogres
  A satyr (Shoals:3)
  8 anacondas
  The ghost of Quickbrownfox the Covert, a journeyman OpIE of Gozag (D:9)
  3 alligator snapping turtles
  6 merfolk aquamancers
  10 death yaks
  Sonja (D:12)
  7 naga sharpshooters
  5 shock serpents
  4 sun demons (Volcano)
  6 sea snakes
  4 salamander mystics
  5 wizards
  5 naga ritualists
  5 lindwurms
  5 orc knights
  9 deep elf pyromancers
  10 harpies
  7 mana vipers
  A deep elf zephyrmancer (D:12)
  21 salamanders
  4 orc sorcerers
  7 fauns
  5 ugly things
  2 moths of wrath (Snake:1)
  15 manticores
  5 cyclopes
  7 merfolk sirens
  8 elephants
  A torpor snail (Lair:4)
  3 guardian serpents
  31 black mambas
  9 water nymphs
  A guardian serpent (shapeshifter) (D:15)
  17 naga magi
  A gargoyle (D:11)
  A smoke demon (Volcano)
  Maggie (D:9)
  3 rime drakes
  6 kobold demonologists
  12 cane toads
  11 komodo dragons
  3 tengu conjurers
  2 efreet
  2 unseen horrors (D:13)
  4 trolls
  38 merfolk
  A meliai (D:14)
  13 wind drakes
  7 hornets
  Grinder (D:4)
  4 polar bears
  7 snapping turtles
  7 blink frogs
  2 dream sheep (Shoals:3)
  19 slime creatures
  2 shadows
  13 spriggans (Lair:5)
  7 air elementals (Shoals:4)
  28 yaks
  24 water elementals
  4 wyverns
  6 wraiths
  7 basilisks
  2 fire elementals (Gauntlet)
  6 steam dragons
  3 vampire mosquitoes (D:10)
  39 nagas
  A warg (Orc:2)
  2 acid dragons
  14 water moccasins
  6 hell hounds
  40 orc warriors
  2 sky beasts (D:7)
  4 black bears
  5 ogres
  23 centaurs
  4 boggarts (Lair:5)
  42 wolves
  6 kobold brigands
  2 phantoms
  14 bullfrogs
  2 scorpions
  A necrophage (D:5)
  A killer bee (D:10)
  An electric eel (Lair:4)
  3 howler monkeys
  3 hounds
  15 orc priests
  7 jellies
  A gnoll bouda (D:4)
  Ijyb (D:5)
  4 iguanas (D:5)
  19 orc wizards
  9 hell rats
  Robin (D:3)
  7 gnolls
  4 adders
  2 river rats (D:9)
  A shadow imp (D:6)
  A white imp (D:8)
  3 dart slugs
  A worm (D:3)
  69 orcs
  4 ball pythons
  5 endoplasms
  6 giant cockroaches
  9 hobgoblins
  12 jackals
  5 quokkas
  4 bats
  2 frilled lizards
  14 goblins
  29 kobolds
  2 rats
1004 creatures vanquished.

Vanquished Creatures (collateral kills)
  Jorgrun (D:12)
  A hound (D:5)
  An iguana (D:5)
3 creatures vanquished.

Vanquished Creatures (others)
  A glowing orange brain (shapeshifter) (Shoals:3)
  A deep elf pyromancer (D:12)
  A naga mage (Snake:1)
  A water nymph (Shoals:3)
  2 merfolk (Shoals:3)
  An orc (D:15)
  11 fungi
  78 plants
  5 toadstools (D:1)
  25 withered plants (Gauntlet)
126 creatures vanquished.

Grand Total: 1133 creatures vanquished

Notes
Turn   | Place    | Note
-------+----------+-------------------------------------------
     0 | D:1      | Gabide the Deep Elf Hunter began the quest for the Orb.
     0 | D:1      | Reached XP level 1. HP: 12/12 MP: 3/3
   273 | D:1      | Found a faded altar of an unknown god.
   277 | D:1      | Reached XP level 2. HP: 17/17 MP: 4/4
   925 | D:2      | Reached skill level 6 in Ranged Weapons
  1044 | D:2      | Reached XP level 3. HP: 21/21 MP: 5/5
  1823 | D:3      | Reached XP level 4. HP: 26/26 MP: 6/6
  1890 | D:3      | Reached skill level 7 in Ranged Weapons
  1976 | D:3      | Reached XP level 5. HP: 31/31 MP: 7/7
  2156 | D:3      | Noticed Robin
  2174 | D:3      | Killed Robin
  2712 | D:3      | Found an opulent altar of Gozag.
  2712 | D:3      | Found a sacrificial altar of Ru.
  3092 | D:4      | Identified the +2 dagger "Gram" {vamp, Int+4 Stlth+}
  3112 | D:4      | Noticed a phantom
  3126 | D:4      | Killed a phantom
  3127 | D:4      | Reached skill level 8 in Ranged Weapons
  3127 | D:4      | Reached XP level 6. HP: 36/37 MP: 8/8
  3340 | D:4      | Noticed Grinder
  3369 | D:4      | Killed Grinder
  3370 | D:4      | Reached skill level 9 in Ranged Weapons
  3370 | D:4      | Reached skill level 5 in Dodging
  3370 | D:4      | Reached XP level 7. HP: 41/41 MP: 9/9
  3949 | D:5      | Entered Level 5 of the Dungeon
  4013 | D:5      | Noticed a two-headed ogre
  4065 | D:5      | Found a broken altar of Ashenzari.
  4067 | D:5      | Found a burning altar of Makhleb.
  4360 | D:5      | Identified the +3 hand axe "Giant's Bane" {venom, rC+ Dex+2
                  | SInv Stlth+}
  4503 | D:5      | Reached skill level 10 in Ranged Weapons
  4513 | D:5      | Reached XP level 8. HP: 48/48 MP: 10/10
  4548 | D:5      | Killed a two-headed ogre
  4549 | D:5      | Reached skill level 11 in Ranged Weapons
  4670 | D:5      | Noticed Ijyb
  4674 | D:5      | Killed Ijyb
  4802 | D:5      | Reached skill level 5 in Fighting
  4813 | D:5      | Reached skill level 12 in Ranged Weapons
  4813 | D:5      | Reached XP level 9. HP: 40/54 MP: 7/11
  5281 | D:6      | Found Yzosa's Distillery.
  5287 | D:6      | Bought a potion of invisibility for 112 gold pieces
  5410 | D:6      | Found an ornate altar of the Wu Jian Council.
  5965 | D:7      | Found a staircase to the Ecumenical Temple.
  5978 | D:7      | Reached skill level 13 in Ranged Weapons
  6464 | D:7      | Found Qooppux's Magic Scroll Shop.
  6557 | D:7      | Bought a scroll of poison for 60 gold pieces
  6557 | D:7      | Bought a scroll of identify for 30 gold pieces
  6557 | D:7      | Bought a scroll of identify for 30 gold pieces
  6557 | D:7      | Bought a scroll of identify for 30 gold pieces
  6560 | D:7      | Reached skill level 16 in Ranged Weapons
  6560 | D:7      | Reached skill level 10 in Dodging
  6560 | D:7      | Reached XP level 10. HP: 63/63 MP: 12/12
  7127 | D:8      | Reached XP level 11. HP: 67/67 MP: 13/13
  7494 | D:8      | Found a hide-covered altar of Uskayaw.
  7526 | D:8      | Found a basalt altar of Yredelemnul.
  7579 | D:9      | Noticed a two-headed ogre
  7586 | D:9      | Killed a two-headed ogre
  7728 | D:9      | Found a runed translucent gate.
  7729 | D:9      | Found a runed translucent gate.
  7730 | D:9      | Found a runed translucent gate.
  7730 | D:9      | Noticed a two-headed ogre
  7730 | D:9      | Noticed Quickbrownfox's ghost (journeyman OpIE)
  7740 | D:9      | Killed a two-headed ogre
  7741 | D:9      | Reached skill level 17 in Ranged Weapons
  7792 | D:9      | Noticed Maggie
  7800 | D:9      | Killed Maggie
  8006 | D:9      | Noticed a two-headed ogre
  8011 | D:9      | Killed a two-headed ogre
  8085 | D:9      | Noticed a death yak
  8085 | D:9      | Noticed a death yak
  8085 | D:9      | Noticed a death yak
  8138 | D:9      | Killed a death yak
  8182 | D:9      | Killed a death yak
  8186 | D:9      | Killed a death yak
  8321 | D:9      | Found a staircase to the Lair.
  8537 | D:10     | Entered Level 10 of the Dungeon
  8641 | Lair:1   | Entered Level 1 of the Lair of Beasts
  8657 | D:9      | Reached skill level 18 in Ranged Weapons
  9112 | Lair:1   | Reached XP level 12. HP: 75/75 MP: 14/14
 10068 | Lair:2   | Found a staircase to the Snake Pit.
 10110 | Lair:2   | Noticed a six-headed hydra
 10116 | Lair:2   | Killed a six-headed hydra
 10150 | Lair:2   | Reached skill level 19 in Ranged Weapons
 10392 | Lair:2   | Found a staircase to the Shoals.
 10865 | Lair:2   | Gained mutation: You are agile. (Dex +4, Str/Int -1)
                  | [potion of mutation]
 10865 | Lair:2   | Gained mutation: Your flesh is cold resistant. (rC+)
                  | [potion of mutation]
 10865 | Lair:2   | Gained mutation: Your natural rate of healing is unusually
                  | fast. [potion of mutation]
 10994 | D:6      | Bought 2 potions of flight for 84 gold pieces
 10994 | D:6      | Bought a potion of curing for 42 gold pieces
 10994 | D:6      | Bought a potion of heal wounds for 70 gold pieces
 11757 | Lair:4   | Reached skill level 10 in Fighting
 11817 | Lair:4   | Reached XP level 13. HP: 82/82 MP: 15/15
 11879 | Lair:4   | Found a dark tunnel.
 11884 | Volcano  | Entered a volcano
 12001 | Volcano  | Reached skill level 20 in Ranged Weapons
 12047 | Volcano  | Found the +2 cloak of the Thief {*Fog Slay-2 SInv Stlth+}
 12047 | Volcano  | Noticed a fire dragon
 12051 | Volcano  | Killed a fire dragon
 12325 | Lair:4   | Reached skill level 15 in Dodging
 12641 | Lair:4   | Found a basalt altar of Yredelemnul.
 12961 | Lair:5   | Entered Level 5 of the Lair of Beasts
 13259 | Lair:5   | Reached skill level 21 in Ranged Weapons
 13378 | Lair:5   | Reached XP level 14. HP: 90/90 MP: 16/16
 13678 | Lair:5   | Found a staircase to the Slime Pits.
 14169 | Temple   | Entered the Ecumenical Temple
 14177 | Temple   | Became a worshipper of Xom of Chaos
 14187 | D:7      | XOM: divination: magic mapping
 14253 | D:9      | Killed Quickbrownfox's ghost
 14305 | D:10     | XOM: silly message
 14326 | D:10     | Found the +0 mask of the Dragon {Will+ Slay+3 SInv}
 14363 | D:10     | XOM: 3-stop teleportation journey
 14927 | D:11     | You fall into a shaft and drop 2 floors!
 14931 | D:13     | Identified the +1 chain mail "Oxaop" {rF- Regen+ Dex+2}
 15441 | D:14     | Noticed an ironbound preserver
 15442 | D:14     | Found a gate to the Vaults.
 15519 | D:14     | Killed an ironbound preserver
 15521 | D:14     | Reached skill level 22 in Ranged Weapons
 15649 | D:14     | XOM: stat loss: -1 Int (14/15)
 15681 | D:14     | Found a gate leading to a gauntlet.
 15690 | Gauntlet | Entered a Gauntlet
 15690 | Gauntlet | Found a transporter.
 15693 | Gauntlet | Found a transporter.
 15709 | Gauntlet | Found a transporter.
 15710 | Gauntlet | Found a transporter.
 15726 | Gauntlet | Found a transporter.
 15740 | Gauntlet | Found a transporter.
 15753 | Gauntlet | Found a transporter.
 15770 | Gauntlet | Found a transporter.
 15774 | Gauntlet | Found a transporter.
 15781 | Gauntlet | Noticed a quicksilver ooze
 15782 | Gauntlet | Found a transporter.
 15809 | Gauntlet | Found a transporter.
 15809 | Gauntlet | Found a transporter.
 15853 | Gauntlet | XOM: god gift: scale mail {god gift}
 15879 | Gauntlet | Identified the ring "Feufi" {rF+ rN++ Will- EV+4 Str+2}
 15906 | Gauntlet | XOM: god gift: scroll of poison
 15998 | Gauntlet | Found the ring of the Hare {EV+8}
 16004 | Gauntlet | Identified the +1 scale mail of a sewer {Str+3}
 16167 | D:14     | Found a sacrificial altar of Ru.
 16420 | D:14     | XOM: cleaving
 16428 | D:14     | XOM: divination: detect creatures
 16529 | D:14     | XOM: summons 8 hostile demons
 16619 | D:15     | Entered Level 15 of the Dungeon
 16619 | D:15     | XOM: fog
 16679 | D:14     | XOM: enchant monster (good)
 16959 | D:15     | Reached XP level 15. HP: 85/97 MP: 13/17
 17015 | D:15     | Found a staircase to the Depths.
 17071 | D:15     | XOM: divination: magic mapping
 17075 | D:15     | XOM: noise
 17400 | D:12     | XOM: polymorph brown ugly thing -> white ugly thing
 17410 | D:13     | XOM is BORED!
 17410 | D:13     | XOM: give mutations
 17410 | D:13     | Gained mutation: You have sharp toenails. [Xom's mischief]
 17410 | D:13     | Gained mutation: You are weak. (Str -2) [Xom's mischief]
 17569 | D:12     | XOM: destruction
 17608 | D:12     | Noticed Jorgrun
 17612 | D:12     | Killed Jorgrun
 17627 | D:12     | XOM: confusion (+ monsters)
 17695 | D:12     | Found a shimmering blue altar of Sif Muna.
 17724 | D:12     | XOM: confusion
 17725 | D:12     | Noticed Sonja
 17725 | D:12     | XOM: 3-stop teleportation journey
 17726 | D:12     | Killed Sonja
 17783 | D:12     | Reached skill level 23 in Ranged Weapons
 17804 | D:12     | XOM: give mutation
 17804 | D:12     | Lost mutation: You are weak. (Str -2) [Xom's mischief]
 17862 | D:12     | Found a staircase to the Orcish Mines.
 18085 | D:12     | Got the Encyclopedia of Summoned Combat Magic
 18088 | D:12     | XOM: give mutations
 18088 | D:12     | Gained mutation: You occasionally lose the ability to read
                  | scrolls when taking damage. [Xom's mischief]
 18088 | D:12     | Lost mutation: Your natural rate of healing is unusually
                  | fast. [Xom's mischief]
 18088 | D:12     | Lost mutation: Your flesh is cold resistant. (rC+) [Xom's
                  | mischief]
 18128 | D:12     | Got the Monograph on Grim Poisoning
 18130 | D:12     | Got the Codex of the Ground
 18151 | D:12     | Got Resut's Catalogue of Reshaped Guile
 18465 | D:11     | XOM: noise
 18512 | D:11     | XOM: noise
 19105 | Orc:1    | Entered Level 1 of the Orcish Mines
 19118 | Orc:1    | XOM: silly message
 19195 | Orc:1    | Noticed Josephine
 19198 | Orc:1    | Killed Josephine
 19538 | Orc:1    | XOM: give mutations
 19538 | Orc:1    | Gained mutation: You are weak. (Str -2) [Xom's mischief]
 19538 | Orc:1    | Gained mutation: You are dopey. (Int -2) [Xom's mischief]
 19538 | Orc:1    | Gained mutation: You are partially covered in iridescent
                  | scales. (AC +2) [Xom's mischief]
 19561 | Orc:1    | XOM: summons 1 hostile demon
 19604 | Orc:2    | Entered Level 2 of the Orcish Mines
 19609 | Orc:2    | Found a staircase to the Elven Halls.
 20305 | Orc:2    | Found Jupotwoa's Jewellery Emporium.
 20305 | Orc:2    | Found Bummaism's Magic Scroll Boutique.
 20307 | Orc:2    | Found Otiockei's Jewellery Shop.
 20309 | Orc:2    | Found Feponiw's Antique Armour Shoppe.
 20314 | Orc:2    | Bought 3 scrolls of identify for 90 gold pieces
 20314 | Orc:2    | Bought a scroll of teleportation for 45 gold pieces
 20314 | Orc:2    | Bought a scroll of identify for 30 gold pieces
 20314 | Orc:2    | Bought a scroll of enchant weapon for 112 gold pieces
 20316 | Orc:2    | Bought the ring "Leneces" {rPois Will+ Int+2 Dex+6 Slay+3}
                  | for 1183 gold pieces
 20334 | Orc:2    | Bought a pair of embroidered gloves for 262 gold pieces
 20636 | Orc:1    | XOM: summons 2 hostile demons
 20666 | D:12     | XOM: silly message
 20689 | D:11     | XOM: summons 7 hostile demons
 20806 | Shoals:1 | Entered Level 1 of the Shoals
 20926 | Shoals:1 | XOM: noise
 21336 | Shoals:1 | XOM: draining
 21391 | Shoals:1 | XOM: give mutation
 21391 | Shoals:1 | Gained mutation: You are very weak. (Str -4) [Xom's
                  | mischief]
 21405 | Shoals:1 | Reached XP level 16. HP: 91/91 MP: 18/18
 21615 | Shoals:2 | XOM: noise
 21794 | Shoals:2 | Found Jeaq's General Store.
 21794 | Shoals:2 | XOM: 3-stop teleportation journey
 21845 | Shoals:2 | Bought a potion of heal wounds for 65 gold pieces
 22025 | D:9      | XOM: give mutations
 22025 | D:9      | Gained mutation: You sometimes lose the ability to read
                  | scrolls when taking damage. [Xom's mischief]
 22025 | D:9      | Gained mutation: You occasionally lose the ability to drink
                  | potions when taking damage. [Xom's mischief]
 22025 | D:9      | Lost mutation: You are dopey. (Int -2) [Xom's mischief]
 22162 | Orc:2    | Bought the ring of the Secret Scars {rC+ Will- Str+7 Dex+3}
                  | for 585 gold pieces
 22472 | Shoals:2 | XOM: 5-stop teleportation journey
 22501 | Shoals:2 | Reached skill level 24 in Ranged Weapons
 22773 | Shoals:3 | XOM: give mutations
 22773 | Shoals:3 | Lost mutation: You occasionally lose the ability to drink
                  | potions when taking damage. [Xom's mischief]
 22773 | Shoals:3 | Lost mutation: You sometimes lose the ability to read
                  | scrolls when taking damage. [Xom's mischief]
 23014 | Shoals:2 | XOM: confusion
 23166 | Shoals:3 | XOM: polymorph sea snake -> glowing shapeshifter
 23167 | Shoals:3 | XOM: divine lightning
 23487 | Shoals:4 | Entered Level 4 of the Shoals
 23487 | Shoals:4 | Found a stormy altar of Qazlal.
 23684 | Shoals:4 | Identified the ring "Acinewn" {rCorr Slay+3}
 23685 | Shoals:4 | XOM: 4-stop teleportation journey
 23756 | Shoals:4 | XOM is BORED!
 23850 | Shoals:4 | Noticed a storm dragon
 23853 | Shoals:4 | Killed a storm dragon
 23883 | Shoals:4 | Got a barnacled rune of Zot
 23928 | Shoals:4 | XOM: 2-stop teleportation journey
 23954 | Shoals:4 | XOM: potion effect (magic)
 24072 | Shoals:4 | Noticed Aizul
 24072 | Shoals:4 | XOM: 1-stop teleportation journey
 24079 | Shoals:4 | Killed Aizul
 24084 | Shoals:4 | Paralysed by an air elemental for 1 turns
 24174 | Shoals:4 | XOM: silly message
 24241 | Shoals:4 | Reached XP level 17. HP: 63/112 MP: 12/19
 24244 | Shoals:4 | Reached skill level 25 in Ranged Weapons
 24246 | Shoals:4 | XOM: noise
 24251 | Shoals:4 | XOM: enchant monster (good)
 24678 | Shoals:4 | Reached skill level 15 in Fighting
 24678 | Shoals:4 | XOM: divination: detect items
 24995 | Snake:1  | Entered Level 1 of the Snake Pit
 25007 | Snake:1  | XOM: confuse monster(s)
 25056 | Snake:1  | XOM: stat loss: -1 Dex (36/37)
 25375 | Snake:1  | XOM: torment (66/113 hp)
 25662 | Snake:1  | Found a transporter.
 25672 | Snake:1  | Found a transporter.
 25676 | Snake:1  | Found a bloodstained altar of Trog.
 25681 | Snake:1  | Noticed mistmaker's ghost (adept TeAE)
 25920 | Snake:1  | Killed mistmaker's ghost
 26103 | Snake:1  | XOM: torment (66/113 hp)
 26449 | Snake:2  | Found Fegrok's Armour Boutique.
 26449 | Snake:2  | Found Onaviamy's Assorted Antiques.
 26508 | Snake:2  | XOM: 5-stop teleportation journey
 26591 | Snake:2  | Bought a +0 pair of gloves of strength for 218 gold pieces
 26664 | Snake:2  | You fall into a shaft and drop 1 floor!
 26692 | Snake:3  | XOM: give mutations
 26692 | Snake:3  | Gained mutation: Your flesh is cold resistant. (rC+) [Xom's
                  | mischief]
 26692 | Snake:3  | Lost mutation: Your flesh is cold resistant. (rC+) [Xom's
                  | mischief]
 26692 | Snake:3  | Lost mutation: You are partially covered in iridescent
                  | scales. (AC +2) [Xom's mischief]
 26786 | Snake:3  | XOM: summons 3 hostile shadow creatures
 27019 | Snake:3  | Found a transporter.
 27067 | Snake:3  | Noticed Eitelfritz's ghost (adept HOFi)
 27069 | Snake:3  | Found a transporter.
 27268 | Snake:3  | XOM: enchant monster (bad)
 27273 | Snake:3  | XOM: confusion
 27580 | Snake:3  | Reached skill level 26 in Ranged Weapons
 27768 | Snake:3  | XOM: blink monster(s)
 27789 | Snake:3  | Killed Eitelfritz's ghost
 28000 | Snake:3  | XOM: summons 3 hostile shadow creatures
 28062 | Snake:4  | Entered Level 4 of the Snake Pit
 28197 | Snake:4  | Reached XP level 18. HP: 102/120 MP: 17/20
 28266 | Snake:4  | Found Vikyweuhu's Distillery.
 28672 | Snake:4  | XOM: summons 4 hostile shadow creatures
 28986 | Snake:4  | XOM: blink monster(s)
 28986 | Snake:4  | Killed from afar by a salamander tyrant

Illustrated notes

Levels and vault maps discovered:
D:1:      tarquinn_simple_flora_water_b, layout_basic, basic_ecumenical_altar,
          kennysheep_decorative_pillar, minmay_gold_behind_fungi
D:2:      layout_basic
D:3:      layout_basic, gammafunk_temple_overflow_wave, serial_glass,
          glass_columns_a, glass_columns_c, glass_columns_b, glass_columns_a,
          glass_columns_b, glass_columns_a, uniq_robin
D:4:      layout_rooms, uniq_grinder
D:5:      layout_rooms, mainiacjoe_overflow_24_doors,
          mainiacjoe_overflow_chevrons, minmay_quadrilaterals, uniq_ijyb
D:6:      layout_loops_ring, lemuel_round_altar, serial_shops, shop
D:7:      layout_cave_pools, minmay_temple_entry_offerings, serial_shops, shop,
          minmay_puff
D:8:      layout_cave_pods, mainiacjoe_overflow_two_lobes
D:9:      layout_small_grid, dpeg_lair_monsters, gammafunk_ghost_split,
          uniq_maggie
D:10:     layout_basic, kennysheep_diamond, nicolae_figureground_pulse
D:11:     layout_grid_maze, dreamdust_mushroom_princess
D:12:     evilmike_library_of_no_secrets, layout_small_grid, orc_0_dummy,
          uniq_sonja, uniq_jorgrun
D:13:     layout_rooms
D:14:     layout_long_grid, skrybe_vaults_entry_preservation,
          nicolae_ru_sacrificial_ziggurat, gauntlet_entry_generic
D:15:     hangedman_depths_entry_try_elsewhere_first, layout_rooms,
          nicolae_twisting_strands, drop_trap
Temple:   nicolae_temple_no_exploring_needed
Lair:1:   layout_roguey, serial_rivers, chequers_serial_rivers_marsh,
          chequers_serial_rivers_small_b, chequers_serial_rivers_small_a,
          chequers_serial_rivers_micro_b, chequers_serial_rivers_large_b
Lair:2:   layout_chaotic_city, minmay_shoals_entry_beasts,
          minmay_snake_entry_guardpost_medium, st_stairs_12, minivault_11,
          minmay_lindwurm_lava
Lair:3:   layout_roguey
Lair:4:   layout_gridlike, nicolae_volcano_entry_s_turn, basic_altar
Lair:5:   minmay_lair_end_enchanted_forest, layout_gridlike, slime_entry_1,
          serial_bayou_shore_a, lemuel_fruit_fields, infiniplex_staircase_pool_2
Shoals:1: layout_shoals
Shoals:2: layout_shoals, serial_shops, shop, nicolae_shoals_wave_tunnel
Shoals:3: layout_shoals
Shoals:4: shoals_end_hellmonk_storm_palace [storm_palace_center_ruins,
          storm_palace_corner_narrow, storm_palace_corner_narrow,
          storm_palace_corner_blocked, storm_palace_corner_altar], serial_shops,
          uniq_aizul
Snake:1:  layout_onion_interference, gammafunk_ghost_wrathful_warriors,
          hangedman_snake_pattern, abandoned_shop
Snake:2:  layout_honeycomb, minmay_shoptagon
Snake:3:  layout_grid_maze, gammafunk_ghost_arena
Snake:4:  johnstein_snake_rune_scales, layout_cave_town,
          minmay_shop_grid_forest, nicolae_snake_scaly_snakehead
Orc:1:    layout_diamond_mine, hellmonk_bongcloud_opening, lemuel_statue_altar,
          uniq_josephine
Orc:2:    st_orc_rangers, layout_diamond_mine

Skill      XL: |  1  2  3  4  5  6  7  8  9 10 11 12 13 14 15 16 17 18 |
---------------+-------------------------------------------------------+-----
Ranged Weapons | 6 7 8 9 10 12 16 18 19 21 22 23 24 26 | 26.4
Fighting       | 2 3 4 5 7 8 10 11 12 13 14 15 16 | 16.0
Dodging        | 3 4 5 6 7 10 12 14 15 17 18 20 21 | 21.9
Stealth        | |  1.2

Action                   |  1- 3 |  4- 6 |  7- 9 | 10-12 | 13-15 | 16-18 || total
-------------------------+-------+-------+-------+-------+-------+-------++-------
 Fire: Shortbow          |   117 |   144 |   267 |   117 |       |       ||   645
       Arbalest          |       |       |       |   355 |   908 |   797 ||  2060
Throw: Throwing net      |       |       |     3 |       |       |       ||     3
Evoke: Wand              |       |       |     6 |     6 |     1 |       ||    13
       Phantom mirror    |       |       |       |       |     1 |       ||     1
  Use: Scroll            |     5 |     6 |    20 |     6 |    10 |     8 ||    55
       Potion            |       |       |     2 |     4 |     3 |     5 ||    14
Armor: Leather armour    |    17 |    17 |    29 |    18 |    72 |       ||   153
       Steam dragon scal |       |       |       |       |     6 |    36 ||    42
Dodge: Dodged            |    65 |    68 |   154 |   169 |   688 |   590 ||  1734
